 Dungeon Crawl Stone Soup version 0.29.0-4-gdea44cf6ec (webtiles) character file.

Game seed: 11391524026295458128

620 qw the Shield-Bearer (level 7, -1/47 (52) HPs)
             Began as a Demonspawn Cinder Acolyte on Sept 10, 2022.
             Was a Priest of Ignis.
             Slain by a wight
             ... wielding a +4 hand axe
              (8 damage)
             ... on level 5 of the Dungeon.
             The game lasted 00:01:31 (4963 turns).

qw the Shield-Bearer (Demonspawn Cinder Acolyte)    Turns: 4963, Time: 00:01:32

HP:   -1/47 (52)    AC: 11    Str: 17    XL:     7   Next: 22%
MP:   8/8           EV:  5    Int: 15    God:    Ignis [***...]
Gold: 207           SH: 14    Dex:  8    Spells: 8/8 levels left

rFire   + . .      SeeInvis .   q - +0 war axe
rCold   . . .      Faith    .   m - +2 tower shield
rNeg    . . .      Spirit   .   k - +0 plate armour
rPois   .          Reflect  .   (no helmet)
rElec   .          Harm     .   c - scarf {repulsion}
rCorr   .          Rampage  .   n - +0 pair of gloves
Will    .....                   (no boots)
Stlth   ..........              (no amulet)
HPRegen 0.15/turn               j - +4 ring of evasion
MPRegen 0.11/turn               (no ring)

@: drained, repel missiles
A: claws 1, demonic guardian 1, powered by pain 1
a: Renounce Religion, Fiery Armour, Foxfire Swarm, Rising Flame


You were on level 5 of the Dungeon.
You worshipped Ignis.
Ignis was most pleased with you.
You visited 1 branch of the dungeon, and saw 5 of its levels.

You collected 207 gold pieces.


Innate Abilities, Weirdness & Mutations

You have sharp fingernails.
A weak demonic guardian rushes to your aid.
You sometimes gain a little power by taking damage.


   Skills:
 - Level 3.0 Fighting
 - Level 4.8 Axes
 - Level 1.2 Armour
 + Level 5.5 Shields
 - Level 1.0 Spellcasting
 - Level 2.6 Fire Magic


You had 8 spell levels left.
You didn't know any spells.
Your spell library contained the following spells:

 Spells                   Type           Power      Damage    Failure   Level
 Scorch                   Fire           16%        2d5       100%        2

Inventory:

Hand Weapons
 q - a +0 war axe (weapon)
 Y - a -1 hand axe of flaming
Missiles
 h - 2 boomerangs (quivered)
Armour
 c - a scarf of repulsion (worn)
 k - a +0 plate armour (worn)
 m - a +2 tower shield (worn)
 n - a +0 pair of gloves (worn)
Jewellery
 j - a +4 ring of evasion (left hand)
 p - a ring of fire
Scrolls
 g - a scroll of identify
Potions
 a - 2 potions of resistance
 b - a potion of brilliance {unknown}
 d - a potion of attraction {unknown}
 e - a potion of lignification {unknown}
 f - 2 potions of might
 i - a potion of berserk rage {unknown}
 l - a potion of flight {unknown}
 o - a potion of cancellation
 r - a potion of curing {unknown}

Dungeon Overview and Level Annotations

Branches:
Dungeon (5/15)             Temple (0/1) D:5

Altars:
Gozag

Annotations:
D:4 1 runed translucent door, qw's ghost, amateur DsCA


Message History

The wight is heavily damaged.
The wight hits you with a +4 falchion.
You feel drained.
You hit the wight.
The wight is heavily damaged.
You block the wight's attack. The wight hits you with a +4 falchion.
You feel drained.
You slash the wight!
You destroy the wight!
You start resting.
HP restored.
A wight comes into view.
It is wielding a +4 hand axe and wearing a +1 robe of positive energy.
Found a whip.
Things that are here:
a +4 falchion; a +0 robe Throw: 2 boomerangs
Press: ? - help, Q - select action Shift-Dir - straight line, f - wight You throw a boomerang.
The boomerang hits the wight but does no damage.
A wight comes into view. It is wielding a +0 halberd.
You closely miss the wight. The wight hits you with a +4 hand axe.
The wight barely misses you. You block the wight's attack.
The wight hits you but does no damage.
You closely miss the wight. The wight hits you but does no damage.
The wight hits you from afar with a +0 halberd!
You hit the wight.
The wight is lightly damaged.
The wight hits you with a +4 hand axe. You block the wight's attack.
The wight barely misses you. The wight hits you but does no damage.
You hit the wight.
The wight is moderately damaged.
The wight barely misses you. You block the wight's attack.
You barely miss the wight.
The wight is moderately damaged.
You block the wight's attack.
The wight hits you from afar with a +0 halberd!
A demonic guardian appears!
The wight hits you from afar with a +0 halberd!
You feel drained. The wight hits you with a +4 hand axe!
You die...

#.........#####.
#.........#
#.........#####
#.............#
#.....#...#...#
#.....#.}.#...#
...###...###)#####..
.. ................
.}..>..}z@#.#####
..........5..#
.###...###z.## #.}.
...# #.. ..## ..
.).# .### ##


You could see 2 wights and a friendly ufetubus (summoned).

Vanquished Creatures
  Eustachio (D:5)
  A necrophage (D:5)
  A scorpion (D:4)
  A wight (D:5)
  A jelly (D:5)
  An orc priest (D:4)
  A hound (D:4)
  An iguana (D:4)
  4 adders
  2 worms
  3 dart slugs
  4 orcs
  5 ball pythons
  7 endoplasms
  6 giant cockroaches
  9 goblins
  6 hobgoblins
  13 jackals
  7 quokkas
  7 bats
  2 frilled lizards
  5 kobolds
  21 rats
109 creatures vanquished.

Vanquished Creatures (collateral kills)
  A jelly (D:5)
  2 jackals (D:5)
3 creatures vanquished.

Grand Total: 112 creatures vanquished

Notes
Turn   | Place    | Note
-------+----------+-------------------------------------------
     0 | D:1      | qw the Demonspawn Cinder Acolyte began the quest for the
                  | Orb.
     0 | D:1      | Reached XP level 1. HP: 18/18 MP: 2/2
     0 | D:1      | 0 ||| qw: Version: 0.1-a-113-g051387a
     0 | D:1      | 0 ||| qw: Game counter: 7365
     0 | D:1      | 0 ||| qw: Always use a shield: true
     0 | D:1      | 0 ||| qw: God list: Okawaru
     0 | D:1      | 0 ||| qw: Allow faded altars: false
     0 | D:1      | 0 ||| qw: Do Orc after D:15 true
     0 | D:1      | 0 ||| qw: Do second Lair branch before Depths: true
     0 | D:1      | 0 ||| qw: Lair rune preference: random
     0 | D:1      | 0 ||| qw: Plans: Normal
     0 | D:1      | 0 ||| PLANNING D:1-11
   152 | D:1      | Reached skill level 3 in Axes
   163 | D:1      | 163 ||| Stepping ~*~*~tactically~*~*~ (stealth).
   201 | D:1      | 201 ||| INVOKING Fiery Armour.
   203 | D:1      | Gained mutation: You have sharp fingernails. [demonic
                  | ancestry]
   203 | D:1      | Reached XP level 2. HP: 24/24 MP: 3/3
   479 | D:1      | 479 ||| Stepping ~*~*~tactically~*~*~ (stealth).
   481 | D:1      | 481 ||| Stepping ~*~*~tactically~*~*~ (stealth).
   494 | D:1      | 494 ||| INVOKING Fiery Armour.
   973 | D:1      | 973 ||| UPGRADING to scarf of repulsion.
   978 | D:1      | 978 ||| UPGRADING to +0 plate armour.
   988 | D:1      | 988 ||| DROPPING +0 robe.
   989 | D:1      | 989 ||| UPGRADING to +4 ring of evasion.
   990 | D:1      | 990 ||| READING 2 scrolls labelled WIGAHODAON.
   994 | D:1      | 994 ||| READING scroll labelled PASIGO ILOYGI.
   995 | D:1      | 995 ||| READING scroll labelled BOQIST ZETEE.
  1016 | D:2      | Reached XP level 3. HP: 29/29 MP: 4/4
  1086 | D:2      | 1086 ||| Stepping ~*~*~tactically~*~*~ (stealth).
  1258 | D:2      | Reached skill level 1 in Armour
  1679 | D:2      | 1679 ||| Stepping ~*~*~tactically~*~*~ (hiding).
  1859 | D:2      | 1859 ||| DROPPING ring of magical power.
  1860 | D:2      | 1860 ||| READING scroll labelled GUOBOA NUCEFU.
  1861 | D:2      | 1861 ||| READING scroll labelled LYNNAEN FUT.
  1862 | D:2      | 1862 ||| DRINKING 2 inky potions.
  1891 | D:3      | Reached XP level 4. HP: 34/35 MP: 5/5
  2057 | D:3      | 2057 ||| FLEEEEING.
  2058 | D:3      | 2058 ||| FLEEEEING.
  2176 | D:3      | 2176 ||| INVOKING Fiery Armour.
  2463 | D:3      | 2463 ||| INVOKING Fiery Armour.
  2568 | D:3      | 2568 ||| Stepping ~*~*~tactically~*~*~ (stealth).
  2576 | D:3      | 2576 ||| Stepping ~*~*~tactically~*~*~ (stealth).
  2919 | D:3      | 2919 ||| UPGRADING to +2 tower shield.
  2924 | D:3      | 2924 ||| READING scroll labelled BYJYAC FEKK.
  2928 | D:4      | Noticed a scorpion
  2939 | D:4      | 2939 ||| INVOKING Fiery Armour.
  2940 | D:4      | HP: 7/35 [poisoned by a scorpion]
  2940 | D:4      | Killed a scorpion
  2941 | D:4      | Reached skill level 1 in Shields
  2941 | D:4      | Reached XP level 5. HP: 8/41 MP: 6/6
  2941 | D:4      | 2941 ||| STAIRDANCE
  2945 | D:3      | HP: 3/41 [poisoned by a scorpion]
  3309 | D:4      | Reached skill level 2 in Shields
  3389 | D:4      | 3389 ||| FLEEEEING.
  3390 | D:4      | 3390 ||| FLEEEEING.
  3490 | D:4      | Found a runed translucent door.
  3490 | D:4      | Noticed qw's ghost (amateur DsCA)
  3528 | D:4      | Found an opulent altar of Gozag.
  3641 | D:4      | 3641 ||| Stepping ~*~*~tactically~*~*~ (hiding).
  3648 | D:4      | Reached skill level 3 in Shields
  3759 | D:4      | 3759 ||| SWAPPING to +0 war axe.
  3765 | D:4      | HP: 2/41 [iguana (10)]
  3766 | D:4      | 3766 ||| READING 2 scrolls of teleportation.
  3767 | D:4      | 3767 ||| INVOKING Fiery Armour.
  3781 | D:4      | 3781 ||| FLEEEEING.
  3782 | D:4      | 3782 ||| FLEEEEING.
  3783 | D:4      | 3783 ||| FLEEEEING.
  3784 | D:4      | 3784 ||| FLEEEEING.
  3785 | D:4      | 3785 ||| FLEEEEING.
  3786 | D:4      | 3786 ||| FLEEEEING.
  3787 | D:4      | 3787 ||| READING scroll of teleportation.
  3790 | D:4      | Gained mutation: A weak demonic guardian rushes to your
                  | aid. [demonic ancestry]
  3790 | D:4      | Reached XP level 6. HP: 7/47 MP: 7/7
  4229 | D:4      | 4229 ||| UPGRADING to +0 pair of gloves.
  4234 | D:4      | 4234 ||| DRINKING 2 murky cyan potions.
  4254 | D:5      | Entered Level 5 of the Dungeon
  4281 | D:5      | Noticed Eustachio
  4301 | D:5      | 4301 ||| INVOKING Fiery Armour.
  4309 | D:5      | Killed Eustachio
  4310 | D:5      | Reached skill level 4 in Shields
  4501 | D:5      | 4501 ||| Stepping ~*~*~tactically~*~*~ (stealth).
  4502 | D:5      | 4502 ||| Stepping ~*~*~tactically~*~*~ (stealth).
  4540 | D:5      | 4540 ||| Stepping ~*~*~tactically~*~*~ (stealth).
  4543 | D:5      | 4543 ||| Stepping ~*~*~tactically~*~*~ (stealth).
  4544 | D:5      | 4544 ||| Stepping ~*~*~tactically~*~*~ (stealth).
  4784 | D:5      | Reached skill level 5 in Shields
  4784 | D:5      | Gained mutation: You sometimes gain a little power by
                  | taking damage. [demonic ancestry]
  4784 | D:5      | Reached XP level 7. HP: 47/52 MP: 8/8
  4813 | D:5      | Found a staircase to the Ecumenical Temple.
  4963 | D:5      | HP: 12/49 [wight/+0 halberd (12)]
  4963 | D:5      | Slain by a wight

Levels and vault maps discovered:
D:1:      dpeg_arrival_more_subterranean_lakeside_camping, layout_basic
D:2:      layout_basic
D:3:      layout_loops_ring, minmay_rat_hole
D:4:      layout_rooms, mainiacjoe_overflow_alcove_1,
          mainiacjoe_overflow_tiny_flanked, ebering_ghost_inner_flame,
          interstate_on_off
D:5:      nicolae_cairo_tiling_large_dashed, layout_basic,
          minmay_temple_entry_junction_2, uniq_eustachio

Skill      XL: |  1  2  3  4  5  6 |
---------------+-------------------+-----
Axes           | 3 4 |  4.8
Armour         | 1 |  1.2
Shields        | 1 3 5 |  5.5
Fighting       | |  3.0
Spellcasting   | |  1.0
Fire Magic     | |  2.6

Action                   |  1- 3 |  4- 6 |  7- 9 || total
-------------------------+-------+-------+-------++-------
Melee: Hand axe          |    83 |   164 |       ||   247
       Punch             |     1 |     1 |       ||     2
       War axe           |       |    53 |    19 ||    72
Throw: Boomerang         |    28 |    45 |     3 ||    76
Invok: Fiery Armour      |     2 |     5 |       ||     7
  Use: Scroll            |     5 |     3 |       ||     8
       Potion            |     1 |     1 |       ||     2
Armor: Robe              |    17 |       |       ||    17
       Plate armour      |    27 |   145 |     3 ||   175
Dodge: Dodged            |    58 |    58 |     6 ||   122
Block: Tower shield      |       |   110 |    16 ||   126

Table legend:
 A = Non-vault XP
 B = Vault XP
 C = Vault XP percentage of total XP
 D = Non-vault monster count
 E = Vault monster count
 F = Vault count percentage of total count
                 A         B        C        D         E       F
            +---------+---------+-------+---------+---------+-------
      Total |     664 |     222 |  25.1 |      92 |      20 |  17.9
            +---------+---------+-------+---------+---------+-------
        D:1 |      40 |       0 |   0.0 |      21 |       0 |   0.0
        D:2 |      47 |       0 |   0.0 |      18 |       0 |   0.0
        D:3 |      72 |      20 |  21.7 |      25 |      19 |  43.2
        D:4 |     233 |       0 |   0.0 |      19 |       0 |   0.0
        D:5 |     272 |     202 |  42.6 |       9 |       1 |  10.0
            +---------+---------+-------+---------+---------+-------
